 Dungeon Crawl Stone Soup version 0.25.1-2-g60ff931df9 (webtiles) character file.

Game seed: 16458882159737226501

15782 Acheron the Cleaver (level 12, -3/103 HPs)
             Began as a Hill Orc Monk on Sept 23, 2020.
             Was an Elder of Okawaru.
             Slain by a freezing wraith (6 damage)
             ... in an ice cave on Sept 24, 2020.
             The game lasted 01:31:19 (17211 turns).

Acheron the Cleaver (Hill Orc Monk)                Turns: 17211, Time: 01:31:20

Health: -3/103     AC:  9    Str: 19    XL:     12   Next: 30%
Magic:  27/27      EV: 20    Int: 10    God:    Okawaru [****..]
Gold:   696        SH:  6    Dex: 17    Spells: 15/19 levels left

rFire    . . .     SeeInvis .   M - +2 hand axe (flame)
rCold    + + +     Gourm    .   o - +1 buckler
rNeg     . . .     Faith    .   q - +2 leather armour of Jopn {*Slow rC+++ MP+9 Str+4}
rPois    .         Spirit   .   V - +1 hat
rElec    .         Reflect  .   T - +0 cloak
rCorr    +         Harm     .   (no gloves)
MR       .....                  U - +0 pair of boots
Stlth    +++.......             s - amulet of the acrobat
HPRegen  0.27/turn              I - ring of resist corrosion
MPRegen  0.20/turn              y - +4 ring of evasion

@: about to teleport, slowed, very slow
A: no striking features
a: Heroism, Renounce Religion


You were in an ice cave.
You worshipped Okawaru.
Okawaru was greatly pleased with you.
You were not hungry.

You visited 3 branches of the dungeon, and saw 17 of its levels.
You also visited: Gauntlet and Ice Cave.

You collected 696 gold pieces.

Inventory:

Hand Weapons
 h - a +1 mace of protection
 i - a cursed -2 long sword
 w - a +1 war axe
 D - a +1 hunting sling of freezing
 H - a +2 dagger of venom
 K - a +4 vorpal mace
 M - a +2 hand axe of flaming (weapon)
 P - the +6 morningstar "Tiluimmu" {freeze, rC+}
   (You found it on level 8 of the Dungeon)

   It has been specially enchanted to freeze those struck by it, causing extra
   injury to most foes and up to half again as much damage against particularly
   susceptible opponents.
   It can also slow down cold-blooded creatures.
   It protects you from cold.
Missiles
 d - 200 stones
 f - 9 boomerangs
 j - 55 sling bullets
 n - 80 poisoned darts
 p - 7 silver javelins (quivered)
 A - 7 curare-tipped darts
 N - 6 javelins
 R - a throwing net
Armour
 b - a +1 ring mail of cold resistance
 o - a +1 buckler (worn)
 q - the +2 leather armour of Jopn (worn) {*Slow rC+++ MP+9 Str+4}
   (You found it on level 10 of the Dungeon)

   It affects your strength (+4).
   It renders you almost immune to cold.
   It affects your magic capacity (+9).
   It may slow you when you take damage.
 T - a +0 cloak (worn)
 U - a +0 pair of boots (worn)
 V - a +1 hat (worn)
Jewellery
 s - an amulet of the acrobat (around neck)
 y - a +4 ring of evasion (right hand)
 B - an uncursed ring of flight
 I - a ring of resist corrosion (left hand)
Wands
 E - a wand of paralysis (8)
 F - a wand of iceblast (3)
 L - a wand of acid (7)
 S - a wand of digging (7)
 W - a wand of random effects (18)
Scrolls
 a - a scroll of amnesia
 g - 3 scrolls of fear
 k - 6 scrolls of remove curse
 t - 2 scrolls of teleportation
 J - a scroll of blinking
Potions
 e - a potion of resistance {unknown}
 m - 7 potions of curing
 r - a potion of might
 u - 2 potions of ambrosia
 v - a potion of brilliance {unknown}
 x - 2 potions of flight
 C - a potion of berserk rage
 G - a potion of magic
 O - a potion of stabbing {unknown}
 Q - 2 potions of haste
Comestibles
 c - 10 rations


   Skills:
 * Level 8.8 Fighting
 + Level 10.4(11.1) Axes
 + Level 5.1(7.6) Maces & Flails
 * Level 5.8 Throwing
 * Level 6.5 Armour
 * Level 6.4 Dodging
 * Level 5.8 Stealth
 - Level 4.0 Shields
 * Level 4.3 Spellcasting
 * Level 6.7 Invocations
 * Level 4.9 Evocations


You had 15 spell levels left.
You knew the following spells:

 Your Spells              Type           Power        Failure   Level  Hunger
a - Freeze                Ice            #...         28%         1    #......
b - Frozen Ramparts       Ice            #.....       63%         3    ###....

Your spell library contained the following spells:

 Spells                   Type           Power        Failure   Level  Hunger
 Ozocubu's Armour         Chrm/Ice       #.......     63%         3    ###....
 Hailstorm                Conj/Ice       #.......     95%         4    #####..
 Ice Form                 Ice/Tmut       #.......     95%         4    #####..
 Summon Ice Beast         Ice/Summ       #.......     95%         4    #####..
 Metabolic Englaciation   Hex/Ice        #.........   100%        5    ######.
 Freezing Cloud           Conj/Ice/Air   #.........   100%        6    #######
 Ozocubu's Refrigeration  Ice            #.........   100%        6    #######
 Simulacrum               Ice/Necr       #.........   100%        6    #######


Dungeon Overview and Level Annotations

Branches:
Dungeon (12/15)              Lair (4/6) D:8          Shoals (0/4) Lair:2
    Orc (1/2) D:9           IceCv (1/1)             Gauntlet (visited)
 Temple: D:4-7        Snake: Lair:2-4    Spider: Lair:2-4

Altars:
Gozag
Makhleb
Nemelex Xobeh
Okawaru
Sif Muna
Yredelemnul

Shops:
D:8 :*}

Annotations:
D:2 Sigmund
D:3 exclusion: upstairs
D:4 Eustachio
D:6 exclusion: upstairs, Pikel
D:7 exclusion: upstairs
D:8 Maurice
D:11 exclusion: downstairs
D:12 Gastronok IceCv exclusion: ice statue


Message History

Throwing (i - inventory. (/) - cycle)
p - 8 silver javelins (quivered)
Press: ? - help, Shift-Dir - straight line, f - freezing wraith
Aim: a freezing wraith (heavily damaged)
You throw a silver javelin.
The silver javelin barely misses the freezing wraith.
The freezing wraith hits you!
* * * LOW HITPOINT WARNING * * *
The freezing wraith freezes you. You resist.
* * * LOW HITPOINT WARNING * * *
The freezing wraith closely misses you. The freezing wraith hits you.
* * * LOW HITPOINT WARNING * * *
The freezing wraith freezes you. You resist.
* * * LOW HITPOINT WARNING * * *
The freezing wraith hits you!
* * * LOW HITPOINT WARNING * * *
As you read the scroll of teleportation, it crumbles to dust.
You feel strangely unstable.
The freezing wraith completely misses you.
The freezing wraith closely misses you. The freezing wraith hits you.
You die...

### ##..## ##.##
##.## ##..# ##...#
### #####...##
#..####....#
#.####.....#..#
#...#...#..#
##..##.....##..##
##.....##..#
#...##.....###..#
##...###.##
#.##.......###..##
######..#
#..#........###W.#
##..##
#..##.......#
#.@## ##...#
..####......#
##..# ##...## 5##
#......#
##.####...## ..#
##...#..#
#..##...## .5#
#..###..#
##..#..## #.##
#..# #.. #.....#
#5W# #### .#
##...## ##W##
##### ##W.#


You could see a freezing wraith.

Vanquished Creatures
  Harold (D:8)
  A two-headed ogre (D:11)
  An unseen horror (D:11)
  An ugly thing (D:11)
  A cyclops (D:11)
  Joseph (D:9)
  A rime drake (Lair:2)
  A komodo dragon (Lair:1)
  2 ice devils (Lair:4)
  8 freezing wraiths (IceCv)
  3 trolls
  2 hippogriffs
  A wyvern (D:11)
  A basilisk (Lair:3)
  9 yaks (D:9)
  A death yak simulacrum (IceCv)
  3 water moccasins
  2 porcupines
  10 ice beasts
  A sky beast (D:8)
  3 orc warriors
  4 phantoms
  A necrophage (D:8)
  4 wolves
  2 ogres
  4 centaurs
  4 big kobolds
  5 bullfrogs
  5 scorpions
  A water moccasin skeleton (D:4)
  An elephant simulacrum (IceCv)
  16 killer bees
  A wight (D:6)
  3 electric eels (D:8)
  5 howler monkeys
  A centaur zombie (D:4)
  A draconian simulacrum (IceCv)
  2 crimson imps
  A bullfrog zombie (D:4)
  3 centaur skeletons
  2 jellies
  11 hounds
  10 orc wizards
  5 orc priests
  4 bullfrog skeletons
  7 iguanas
  3 worker ants
  2 troll simulacra (IceCv)
  A killer bee zombie (D:8)
  2 wolf simulacra (IceCv)
  A centaur simulacrum (IceCv)
  2 hound zombies
  A howler monkey zombie (D:4)
  3 worker ant zombies
  8 adders
  2 howler monkey skeletons
  4 shadow imps
  8 white imps (IceCv)
  An ooze (D:4)
  8 adder skeletons
  An adder zombie (D:4)
  2 worms
  2 dart slugs
  3 leopard geckos
  44 orcs
  7 giant cockroaches
  4 goblins
  10 hobgoblins
  15 jackals
  4 quokkas
  A ball python (D:2)
  8 bats
  5 frilled lizards
  5 giant cockroach zombies (D:4)
  A jackal skeleton (D:4)
  2 jackal zombies (D:4)
  29 kobolds
  A leopard gecko skeleton (D:7)
  A leopard gecko zombie (D:4)
  2 quokka skeletons
  A quokka zombie (D:4)
  10 rats
361 creatures vanquished.

Notes
Turn   | Place    | Note
-------+----------+-------------------------------------------
     0 | D:1      | Acheron the Hill Orc Monk began the quest for the Orb.
     0 | D:1      | Reached XP level 1. HP: 19/19 MP: 1/1
   121 | D:1      | Reached XP level 2. HP: 11/27 MP: 2/2
  1110 | D:1      | Reached XP level 3. HP: 31/33 MP: 3/3
  1817 | D:2      | Found an opulent altar of Gozag.
  1828 | D:2      | Reached skill level 1 in Armour
  1980 | D:2      | Reached XP level 4. HP: 40/40 MP: 4/4
  2376 | D:2      | Reached skill level 1 in Throwing
  2583 | D:2      | Found a basalt altar of Yredelemnul.
  2583 | D:2      | Noticed Sigmund
  2624 | D:3      | Reached skill level 1 in Maces & Flails
  3003 | D:3      | Found a sparkling altar of Nemelex Xobeh.
  3192 | D:3      | Noticed an ice beast
  3324 | D:4      | Reached XP level 5. HP: 30/46 MP: 4/6
  3908 | D:4      | Reached skill level 1 in Spellcasting
  3979 | D:4      | Reached XP level 6. HP: 42/52 MP: 7/7
  4155 | D:5      | Entered Level 5 of the Dungeon
  4407 | D:4      | Found a burning altar of Makhleb.
  4407 | D:4      | Found an iron altar of Okawaru.
  4411 | D:4      | Became a worshipper of Warmaster Okawaru
  4411 | D:4      | Reached * piety under Okawaru
  4411 | D:4      | Reached ** piety under Okawaru
  4549 | D:4      | Reached XP level 7. HP: 24/60 MP: 8/8
  4826 | D:4      | Noticed Eustachio
  5451 | D:5      | Reached skill level 1 in Shields
  5460 | D:5      | Reached *** piety under Okawaru
  5704 | D:6      | Reached XP level 8. HP: 51/67 MP: 10/10
  5882 | D:6      | Found a shimmering blue altar of Sif Muna.
  5970 | D:5      | Reached skill level 5 in Fighting
  7343 | D:7      | Reached skill level 1 in Invocations
  7384 | D:6      | Reached skill level 1 in Evocations
  7487 | D:7      | Reached skill level 5 in Axes
  7678 | D:7      | Found a burning altar of Makhleb.
  7737 | D:7      | Reached XP level 9. HP: 31/74 MP: 12/12
  8056 | D:7      | Received a gift from Okawaru
  8266 | D:6      | Noticed Pikel
  8361 | D:8      | Reached skill level 6 in Axes
  8842 | D:8      | Found Fetar's Book Emporium.
  8874 | D:8      | Noticed a troll
  8877 | D:8      | Noticed Harold
  8910 | D:9      | Noticed Joseph
  8935 | D:9      | Killed Joseph
  8935 | D:9      | Reached **** piety under Okawaru
  9134 | D:9      | Reached XP level 10. HP: 46/83 MP: 11/14
  9142 | D:9      | Reached skill level 7 in Axes
  9876 | D:9      | Reached skill level 5 in Dodging
 10309 | D:10     | Entered Level 10 of the Dungeon
 10570 | D:10     | Got a buzzing leather armour
 10687 | D:10     | Reached skill level 5 in Armour
 10712 | D:11     | Identified the +2 leather armour of Jopn {*Slow rC+++ MP+9
                  | Str+4} (You found it on level 10 of the Dungeon)
 10830 | D:11     | Reached ***** piety under Okawaru
 11106 | D:11     | Received a gift from Okawaru
 11112 | D:11     | Noticed a red ugly thing
 11128 | D:11     | Killed an unseen horror
 11128 | D:11     | Received a gift from Okawaru
 11128 | D:11     | Reached skill level 8 in Axes
 11440 | D:11     | Killed a red ugly thing
 11684 | D:12     | Noticed Gastronok
 11768 | D:11     | Noticed a cyclops
 11782 | D:11     | Killed a cyclops
 12086 | D:10     | Reached skill level 5 in Invocations
 12086 | D:10     | Reached XP level 11. HP: 72/92 MP: 16/16
 12698 | D:12     | Noticed an eight-headed hydra
 13004 | D:11     | Noticed a two-headed ogre
 13018 | D:11     | Killed a two-headed ogre
 13018 | D:11     | Reached skill level 9 in Axes
 13018 | D:11     | Reached skill level 5 in Throwing
 13018 | D:11     | Reached skill level 5 in Stealth
 13422 | D:9      | Found a staircase to the Orcish Mines.
 13429 | Orc:1    | Entered Level 1 of the Orcish Mines
 14062 | D:8      | Noticed Maurice
 14159 | D:8      | Learned a level 1 spell: Freeze
 14163 | D:8      | Learned a level 3 spell: Frozen Ramparts
 14170 | D:8      | Got a polished morningstar
 14272 | D:8      | Killed Harold
 14941 | D:8      | Found Zaneebie's Assorted Antiques.
 15049 | D:8      | Found a staircase to the Lair.
 15444 | D:8      | Found Okky's Gadget Emporium.
 15473 | Lair:1   | Entered Level 1 of the Lair of Beasts
 15577 | Lair:2   | Identified the +6 morningstar "Tiluimmu" {freeze, rC+} (You
                  | found it on level 8 of the Dungeon)
 15702 | Lair:2   | Found a staircase to the Shoals.
 15795 | Lair:3   | Received a gift from Okawaru
 15880 | Lair:3   | Reached skill level 10 in Axes
 15951 | Lair:4   | Found a gate leading to a gauntlet.
 15955 | Gauntlet | Entered a Gauntlet
 15955 | Gauntlet | Found a transporter.
 15958 | Gauntlet | Found a transporter.
 15960 | Gauntlet | Found a transporter.
 15967 | Gauntlet | Noticed a sixfirhy
 15975 | Gauntlet | Found a transporter.
 15977 | Gauntlet | Found a transporter.
 15978 | Gauntlet | Found the ring of Robustness {AC+8}
 15979 | Gauntlet | Noticed a death yak
 15986 | Gauntlet | Found a transporter.
 15996 | Gauntlet | Noticed an obsidian statue
 16001 | Gauntlet | Noticed a death yak
 16003 | Gauntlet | Found a transporter.
 16008 | Gauntlet | Noticed a death yak
 16009 | Gauntlet | Found a transporter.
 16011 | Gauntlet | Noticed a necromancer
 16029 | Gauntlet | Found a transporter.
 16031 | Gauntlet | Noticed a sixfirhy
 16034 | Gauntlet | Found a transporter.
 16041 | Gauntlet | Noticed a sixfirhy
 16049 | Gauntlet | Found a transporter.
 16052 | Gauntlet | Found a transporter.
 16073 | Gauntlet | Found a transporter.
 16088 | Gauntlet | Noticed a death ooze
 16090 | Gauntlet | Found a transporter.
 16218 | Lair:4   | Found a frozen archway.
 16347 | IceCv    | Entered an ice cave
 16356 | IceCv    | Reached skill level 5 in Maces & Flails
 16356 | IceCv    | Reached XP level 12. HP: 101/103 MP: 18/18
 17210 | IceCv    | HP: 2/103 [freezing wraith (7)]
 17211 | IceCv    | Slain by a freezing wraith

Illustrated notes

Levels and vault maps discovered:
D:1:      giann_wishing_wells, layout_basic
D:2:      layout_loops_cross, yredelemnul_forgotten_temple_becter,
          nicolae_gozag_seed_capital, uniq_sigmund
D:3:      layout_loops_corners, first_ration, nemelex_spade_bored_becter
D:4:      layout_basic, gammafunk_temple_overflow_elements,
          minmay_temple_entry_from_below_b, serial_undead, serial_undead_f,
          serial_undead_b, serial_undead_a, serial_undead_e, serial_undead_a,
          serial_undead_b, serial_undead_c, serial_undead_e, serial_undead_d,
          serial_undead_e, uniq_eustachio
D:5:      layout_rooms, minmay_fractal_squares_5
D:6:      layout_gridville, old_standard_altar, uniq_pikel
D:7:      cheibrodos_barr_body, layout_basic, serial_rivers,
          chequers_serial_rivers_micro_a, chequers_serial_rivers_large_b,
          chequers_serial_rivers_small_b, chequers_serial_rivers_room_b,
          chequers_serial_rivers_micro_c, chequers_serial_rivers_micro_d,
          basic_altar, the_bakery
D:8:      minmay_recursive_quarters, layout_rooms, erik_lair_island,
          serial_shops, nicolae_shop_waterfront,
          nicolae_shop_temple_entry_statues_fountains, shop,
          nicolae_two_hexagons, uniq_harold, uniq_maurice
D:9:      layout_loops_ring, hiddenorc1_lemuel, uniq_joseph
D:10:     layout_basic
D:11:     layout_basic
D:12:     layout_loops_cross, uniq_gastronok
Lair:1:   layout_chaotic_city, chequers_serial_rivers_large_a,
          serial_bayou_shore_a, grunt_megastairs_4
Lair:2:   layout_hall_layers, minmay_shoals_entry_centaurs,
          serial_bayou_shore_b, uniq_nergalle, uniq_sonja, uniq_urug
Lair:3:   layout_regular_city
Lair:4:   beast_lair_carwin_large_3, layout_gridlike,
          guppyfry_snake_entry_garden, portal_ice_cave_demonic_guard,
          gauntlet_entry_generic
Orc:1:    layout_diamond_mine
IceCv:    ice_cave_small_necro

Skill      XL: |  1  2  3  4  5  6  7  8  9 10 11 |
---------------+----------------------------------+-----
Dodging        | 3 4 5 6 |  6.4
Armour         | 1 2 3 4 5 6 |  6.5
Fighting       | 4 5 6 7 8 |  8.8
Throwing       | 1 2 3 4 5 |  5.8
Stealth        | 2 3 4 5 |  5.8
Maces & Flails | 1 2 3 4 5 |  5.1
Spellcasting   | 1 2 3 4 |  4.3
Shields        | 1 2 3 4 |  4.0
Invocations    | 1 3 5 6 |  6.7
Evocations     | 1 2 3 4 |  4.9
Axes           | 5 6 8 10 | 10.4

Action                   |  1- 3 |  4- 6 |  7- 9 | 10-12 || total
-------------------------+-------+-------+-------+-------++-------
Melee: Hand axe          |    60 |       |       |   240 ||   300
       Mace              |   143 |   261 |   233 |       ||   637
       War axe           |       |       |   226 |   682 ||   908
       Morningstar       |       |       |       |    15 ||    15
Throw: Javelin           |       |     1 |    10 |    28 ||    39
       Stone             |       |       |     4 |     1 ||     5
Invok: Heroism           |       |       |    11 |    30 ||    41
Evoke: Wand              |       |       |       |     5 ||     5
  Use: Scroll            |     2 |    10 |     5 |    12 ||    29
       Potion            |       |       |       |     5 ||     5
 Stab: Sleeping          |     1 |     3 |     3 |    14 ||    21
       Distracted        |       |       |       |     1 ||     1
  Eat: Chunk             |     4 |     8 |     5 |    16 ||    33
       Ration            |       |       |     3 |     4 ||     7
Armor: Robe              |     5 |       |       |       ||     5
       Leather armour    |    79 |   114 |    96 |    91 ||   380
       Ring mail         |       |       |       |     1 ||     1
Dodge: Dodged            |   188 |   180 |   339 |   747 ||  1454
Block: Buckler           |       |    40 |   125 |   282 ||   447
